Bruins vs Capitals

Created - December 6, 2019 at 19:00

Goals
1 2 3 T
Bruins 3 2 1 6
Capitals 0 1 1 2
Shots
1 2 3 T
Bruins 12 12 15 39
Capitals 14 10 13 37

1st period

1. Bruins , Scott Hartnell 5 (Mike Ribeiro 2, Victor Oreskovich 9) at 14:00
2. Bruins , Victor Oreskovich 8 (Scott Hartnell 8, Johnny Boychuk 4) at 17:17
3. Bruins , Jason Demers 4 (Victor Oreskovich 10, Jonathan Toews 13) at 19:45 (PP)

Penalties :
Torey Krug (Bos) for Slashing (Minor) at 3:43, Nick Leddy (Was) for Interference (Minor) at 19:26

2nd period

4. Capitals , Olli Maatta 1 (Ryan Nugent-Hopkins 5, T.J. Oshie 5) at 2:37
5. Bruins , Mike Ribeiro 4 (Victor Oreskovich 11, Scott Hartnell 9) at 6:57
6. Bruins , Kris Chucko 5 (Mattias Tedenby 4, Jason Demers 12) at 18:55

Penalties :
T.J Galiardi (Bos) for Hooking (Minor) at 10:02, Patrick Marleau (Was) for Tripping (Minor) at 12:41

3rd period

7. Capitals , Mikko Koivu 4 (Blake Wheeler 5) at 1:18
8. Bruins , Wojtek Wolski 10 (Jason Demers 13, Jonathan Toews 14) at 2:34

Penalties :
Joe Thornton (Was) for Fighting (Major) at 18:11, Victor Oreskovich (Bos) for Fighting (Major) at 18:11

Goalie Stats

Kevin Poulin (Bos), 35 saves from 37 shots - (0.946), W, 7-7-1, 60:00 minutes
Mike Smith (Was), 18 saves from 23 shots - (0.783), L, 0-4-1, 38:55 minutes
Tuukka Rask (Was), 15 saves from 16 shots - (0.938), 21:05 minutes

Players Stats for Bruins

Player Name              G  A  P  +/- PIM S  H  SB GA TA FO     MP     PP MP  PK MP  
------------------------------------------------------------------------------------
Brendan Smith            0  0  0   3  0   0  3  1  0  1  0/0    26:50   1:26   2:30 
Casey Cizikas            0  0  0   0  0   2  3  0  0  0  0/2     7:19   0:00   0:30 
Dave Bolland             0  0  0   0  0   1  2  0  0  0  0/3    12:01   0:06   0:00 
Jason Demers             1  2  3   3  0   5  1  0  0  1  0/0    26:50   1:26   2:30 
Johnny Boychuk           0  1  1   0  0   0  0  0  0  0  0/0    14:25   0:00   0:00 
Jonathan Toews           0  2  2   0  0   4  1  0  1  0  17/34  21:03   1:19   0:00 
Kevin Bieksa             0  0  0   0  0   0  0  2  0  1  0/0    15:08   0:00   0:43 
Kris Chucko              1  0  1   0  0   2  0  0  1  0  0/0     7:19   0:00   0:30 
Mattias Tedenby          0  1  1   0  0   1  0  0  0  0  0/0     6:51   0:06   0:00 
Mike Ribeiro             1  1  2   3  0   3  0  0  1  0  6/15   16:27   0:53   0:00 
Nathan Horton            0  0  0   0  0   1  2  0  0  2  1/1    22:52   0:53   2:14 
Rene Bourque             0  0  0   0  0   0  0  1  0  1  0/0    11:53   0:06   0:00 
Scott Hartnell           1  2  3   3  0   1  1  2  1  0  1/1    17:41   0:53   1:14 
Shane O'Brien            0  0  0   0  0   1  3  2  1  0  0/0    18:45   0:52   1:28 
T.J Galiardi             0  0  0   0  2   2  0  0  0  0  0/1    11:39   0:00   0:00 
Torey Krug               0  0  0   0  2   5  1  1  0  2  0/0    18:02   0:52   0:45 
Victor Oreskovich        1  3  4   3  5   4  1  1  0  0  0/0    17:36   1:19   1:14 
Wojtek Wolski            1  0  1   0  0   7  3  1  0  1  3/4    23:18   1:19   2:14 

Players Stats for Capitals

Player Name              G  A  P  +/- PIM S  H  SB GA TA FO     MP     PP MP  PK MP  
------------------------------------------------------------------------------------
Blake Wheeler            0  1  1  -1  0   2  0  0  0  1  2/2    14:16   0:00   0:00 
Brent Seabrook           0  0  0   1  0   2  3  1  0  0  0/0    28:19   2:19   1:36 
Jason Pominville         0  0  0  -1  0   4  1  0  0  0  0/0    17:01   1:48   0:28 
Joe Pavelski             0  0  0  -1  0   3  1  0  3  0  0/0    21:14   2:10   1:15 
Joe Thornton             0  0  0  -1  5   4  2  0  1  0  22/40  20:35   2:10   1:17 
Josh Manson              0  0  0   0  0   1  1  0  0  1  0/0    12:12   0:00   0:00 
Mikko Koivu              1  0  1  -1  0   3  2  0  0  0  2/5    13:24   0:00   0:00 
Nick Leddy               0  0  0  -4  2   0  1  0  0  1  0/0    19:27   1:39   0:42 
Olli Maatta              1  0  1   0  0   1  0  0  0  0  0/0    12:12   0:00   0:00 
Ondrej Palat             0  0  0   0  0   1  1  0  0  0  0/0     8:21   0:00   0:35 
Patrick Marleau          0  0  0  -1  2   2  1  2  1  0  0/0    13:51   0:00   0:00 
Patrick Sharp            0  0  0  -1  0   3  1  0  0  0  0/1    16:05   1:48   0:00 
Ryan Getzlaf             0  0  0  -1  0   4  2  2  0  0  6/11   16:05   1:48   0:00 
Ryan Nugent-Hopkins      0  1  1   0  0   2  0  0  0  1  1/2     8:07   0:00   0:33 
Ryan Suter               0  0  0  -4  0   0  2  1  1  1  0/0    19:29   1:39   0:42 
T.J. Oshie               0  1  1   0  0   0  0  0  0  0  0/0     7:34   0:00   0:00 
Thomas Vanek             0  0  0  -1  0   3  1  1  3  0  0/0    21:07   2:10   0:28 
Victor Hedman            0  0  0   1  0   2  1  2  0  0  0/0    28:19   2:19   1:36 

3 Stars

1 - Scott Hartnell (Bos)
2 - Jason Demers (Bos)
3 - Victor Oreskovich (Bos)

Power Play

Bruins - 1 on 3 Attempt(s) - 33.33%
Capitals - 0 on 2 Attempt(s) - 0.00%

Penalty Kill

Bruins - 2 on 2 Attempt(s) - 100.00% - Score 0 goal in Penalty Kill
Capitals - 2 on 3 Attempt(s) - 66.67% - Score 0 goal in Penalty Kill

Team Stat

Bruins - Hits : 21 - Faceoff Wins : 28 - Blocked Shots : 11 - Penalty Minutes : 9
Capitals - Hits : 20 - Faceoff Wins : 33 - Blocked Shots : 9 - Penalty Minutes : 9

Official

Referees : Unknown
Linesman : Unknown

Game Notes

2:15 of 1st period - Penalty Shot by Ryan Suter for Capitals - Stopped by Kevin Poulin
Tuukka Rask enters game at 18:55 of 2nd period
Joe Thornton and Victor Oreskovich fight to a draw at 18:11 of 3rd period

Finance

Level 1 -- Attendance: 5681 (94.68%) -- Ticket Income $579,462
Level 2 -- Attendance: 5000 (100.00%) -- Ticket Income $260,000
Level 3 -- Attendance: 2000 (100.00%) -- Ticket Income $84,000
Level 4 -- Attendance: 3908 (97.70%) -- Ticket Income $101,608
Luxury Box -- Attendance: 776 (77.60%) -- Ticket Income $149,768
Game was played at the Verizon Center.
Total Attendance: 17365 (96.47%)
Total Ticket Income: $1,174,838
Other Income: $176,226
Total Income: $1,351,064

Bruins

5 vs 5 Forward 
   Center                   Left Wing                Right Wing               Time % Phy DF OF 
 1 Jonathan Toews           Wojtek Wolski            Nathan Horton            40     0   1  4  
 2 Mike Ribeiro             Scott Hartnell           Victor Oreskovich        30     0   2  3  
 3 Dave Bolland             T.J Galiardi             Rene Bourque             20     1   2  2  
 4 Casey Cizikas            Kris Chucko              Mattias Tedenby          10     1   2  2  

5 vs 5 Defense 
   Defense                  Defense                                           Time % Phy DF OF 
 1 Jason Demers             Brendan Smith                                     40     0   3  2  
 2 Shane O'Brien            Torey Krug                                        30     0   3  2  
 3 Johnny Boychuk           Kevin Bieksa                                      20     0   3  2  
 4 Jason Demers             Brendan Smith                                     10     1   2  2  

PowerPlay Forward 
   Center                   Left Wing                Right Wing               Time % Phy DF OF 
 1 Jonathan Toews           Wojtek Wolski            Victor Oreskovich        60     0   1  4  
 2 Mike Ribeiro             Scott Hartnell           Nathan Horton            40     0   1  4  

PowerPlay Defense
   Defense                  Defense                                           Time % Phy DF OF 
 1 Jason Demers             Brendan Smith                                     60     0   2  3  
 2 Shane O'Brien            Torey Krug                                        40     0   2  3  

Penalty Kill 4 Players Forward 
   Center                   Wing                     Time % Phy DF OF 
 1 Wojtek Wolski            Nathan Horton            60     1   3  1  
 2 Victor Oreskovich        Scott Hartnell           40     1   3  1  

Penalty Kill 4 Players Defense
   Defense                  Defense                  Time % Phy DF OF 
 1 Jason Demers             Brendan Smith            60     0   4  1  
 2 Shane O'Brien            Torey Krug               40     0   4  1  

Penalty Kill - 3 Players Forward 
   Forward                                           Time % Phy DF OF 
 1 Wojtek Wolski                                     60     0   4  1  
 2 Jonathan Toews                                    40     0   4  1  

Penalty Kill - 3 Players Defense
   Defense                  Defense                  Time % Phy DF OF 
 1 Jason Demers             Brendan Smith            60     0   5  0  
 2 Shane O'Brien            Torey Krug               40     0   5  0  

4 vs 4 Forward 
   Center                   Wing                     Time % Phy DF OF 
 1 Jonathan Toews           Wojtek Wolski            60     1   2  2  
 2 Mike Ribeiro             Scott Hartnell           40     1   2  2  

4 vs 4 Defense
   Defense                  Defense                  Time % Phy DF OF 
 1 Jason Demers             Brendan Smith            60     1   2  2  
 2 Shane O'Brien            Torey Krug               40     1   2  2  

Last Minutes Offensive
   Center                   Left Wing                Right Wing               Defense                  Defense                  
   Jonathan Toews           Wojtek Wolski            Victor Oreskovich        Jason Demers             Brendan Smith            

Last Minutes Defensive
   Center                   Left Wing                Right Wing               Defense                  Defense                  
   Jonathan Toews           Wojtek Wolski            Victor Oreskovich        Jason Demers             Brendan Smith            

Goaltenders
Starting : Kevin Poulin             
Backup : Josh Tordjman            

Extra Forwards
Normal : Dave Bolland, Rene Bourque, T.J Galiardi - PP : Dave Bolland, Rene Bourque - PK : T.J Galiardi
Extra Defensemen
Normal : Johnny Boychuk, Kevin Bieksa, Shane O'Brien - PP : Johnny Boychuk - PK : Kevin Bieksa, Shane O'Brien
Penalty Shots
Wojtek Wolski, Jonathan Toews, Victor Oreskovich, Scott Hartnell, Mike Ribeiro

Scratches
None

Capitals

5 vs 5 Forward 
   Center                   Left Wing                Right Wing               Time % Phy DF OF 
 1 Joe Thornton             Thomas Vanek             Joe Pavelski             40     1   2  2  
 2 Ryan Getzlaf             Patrick Sharp            Jason Pominville         30     1   2  2  
 3 Mikko Koivu              Patrick Marleau          Blake Wheeler            20     1   2  2  
 4 Ryan Nugent-Hopkins      Ondrej Palat             T.J. Oshie               10     1   2  2  

5 vs 5 Defense 
   Defense                  Defense                                           Time % Phy DF OF 
 1 Brent Seabrook           Victor Hedman                                     40     1   2  2  
 2 Ryan Suter               Nick Leddy                                        30     1   2  2  
 3 Josh Manson              Olli Maatta                                       20     1   2  2  
 4 Brent Seabrook           Victor Hedman                                     10     1   2  2  

PowerPlay Forward 
   Center                   Left Wing                Right Wing               Time % Phy DF OF 
 1 Joe Thornton             Thomas Vanek             Joe Pavelski             60     1   2  2  
 2 Ryan Getzlaf             Patrick Sharp            Jason Pominville         40     1   2  2  

PowerPlay Defense
   Defense                  Defense                                           Time % Phy DF OF 
 1 Brent Seabrook           Victor Hedman                                     60     1   2  2  
 2 Ryan Suter               Nick Leddy                                        40     1   2  2  

Penalty Kill 4 Players Forward 
   Center                   Wing                     Time % Phy DF OF 
 1 Joe Thornton             Joe Pavelski             60     1   2  2  
 2 Thomas Vanek             Jason Pominville         40     1   2  2  

Penalty Kill 4 Players Defense
   Defense                  Defense                  Time % Phy DF OF 
 1 Brent Seabrook           Victor Hedman            60     1   2  2  
 2 Ryan Suter               Nick Leddy               40     1   2  2  

Penalty Kill - 3 Players Forward 
   Forward                                           Time % Phy DF OF 
 1 Joe Thornton                                      60     1   2  2  
 2 Joe Pavelski                                      40     1   2  2  

Penalty Kill - 3 Players Defense
   Defense                  Defense                  Time % Phy DF OF 
 1 Brent Seabrook           Victor Hedman            60     1   2  2  
 2 Ryan Suter               Nick Leddy               40     1   2  2  

4 vs 4 Forward 
   Center                   Wing                     Time % Phy DF OF 
 1 Joe Thornton             Joe Pavelski             60     1   2  2  
 2 Thomas Vanek             Jason Pominville         40     1   2  2  

4 vs 4 Defense
   Defense                  Defense                  Time % Phy DF OF 
 1 Brent Seabrook           Victor Hedman            60     1   2  2  
 2 Ryan Suter               Nick Leddy               40     1   2  2  

Last Minutes Offensive
   Center                   Left Wing                Right Wing               Defense                  Defense                  
   Joe Thornton             Thomas Vanek             Joe Pavelski             Brent Seabrook           Victor Hedman            

Last Minutes Defensive
   Center                   Left Wing                Right Wing               Defense                  Defense                  
   Joe Thornton             Thomas Vanek             Joe Pavelski             Brent Seabrook           Victor Hedman            

Goaltenders
Starting : Mike Smith               
Backup : Tuukka Rask              

Extra Forwards
Normal : Blake Wheeler, Mikko Koivu, Patrick Marleau - PP : Blake Wheeler, Mikko Koivu - PK : Patrick Marleau
Extra Defensemen
Normal : Josh Manson, Olli Maatta, Ryan Suter - PP : Josh Manson - PK : Olli Maatta, Ryan Suter
Penalty Shots
Joe Thornton, Joe Pavelski, Thomas Vanek, Jason Pominville, Patrick Sharp

Scratches
Justin Faulk (Broken Ribs Injury), Michael Schumacher (Healthy)

% Time on Ice - Bruins

Lines # - Real PCT - Wanted PCT - Time Play
Normal Forward
1 - 37% - 40% - 19:49
2 - 29% - 30% - 15:34
3 - 22% - 20% - 11:36
4 - 13% - 10% - 6:45
Normal Defense
1 - 38% - 40% - 20:34
2 - 31% - 30% - 16:25
3 - 27% - 20% - 14:25
4 - 4% - 10% - 2:20
PP Forward
1 - 62% - 60% - 1:25
2 - 38% - 40% - 0:53
PP Defense
1 - 62% - 60% - 1:26
2 - 38% - 40% - 0:52
PK Forward
1 - 69% - 60% - 2:44
2 - 31% - 40% - 1:14
PK Defense
1 - 63% - 60% - 2:30
2 - 37% - 40% - 1:28
PK3 Forward
1 - 0% - 60%
2 - 0% - 40%
PK3 Defense
1 - 0% - 60%
2 - 0% - 40%
44 Forward
1 - 0% - 60%
2 - 0% - 40%
44 Defense
1 - 0% - 60%
2 - 0% - 40%
Last Minute Offensive  - 0:00
Last Minute Defensive  - 0:00
Total
Forward - 60:00
Defense - 60:00

% Time on Ice - Capitals

Lines # - Real PCT - Wanted PCT - Time Play
Normal Forward
1 - 33% - 40% - 17:49
2 - 28% - 30% - 14:57
3 - 25% - 20% - 13:24
4 - 14% - 10% - 7:34
Normal Defense
1 - 38% - 40% - 20:36
2 - 32% - 30% - 17:08
3 - 23% - 20% - 12:12
4 - 7% - 10% - 3:48
PP Forward
1 - 55% - 60% - 2:10
2 - 45% - 40% - 1:48
PP Defense
1 - 58% - 60% - 2:19
2 - 42% - 40% - 1:39
PK Forward
1 - 80% - 60% - 1:50
2 - 20% - 40% - 0:28
PK Defense
1 - 70% - 60% - 1:36
2 - 30% - 40% - 0:42
PK3 Forward
1 - 0% - 60%
2 - 0% - 40%
PK3 Defense
1 - 0% - 60%
2 - 0% - 40%
44 Forward
1 - 0% - 60%
2 - 0% - 40%
44 Defense
1 - 0% - 60%
2 - 0% - 40%
Last Minute Offensive  - 0:00
Last Minute Defensive  - 0:00
Total
Forward - 60:00
Defense - 60:00

Play-by-Play

1st period


0:01 of 1st period - Joe Thornton wins face-off versus Jonathan Toews in neutral zone.
0:04 of 1st period - Snap shot by Victor Hedman.
0:04 of 1st period - Deflect By Brendan Smith.
0:04 of 1st period - Stopped by Kevin Poulin with a rebound.
0:10 of 1st period - Brent Seabrook is hit by Wojtek Wolski and loses puck.
0:38 of 1st period - Snap shot by Scott Hartnell.
0:38 of 1st period - Shot Blocked by Ryan Getzlaf.
1:41 of 1st period - Wrist shot by Thomas Vanek.
1:41 of 1st period - Shot Blocked by Kevin Bieksa.
1:52 of 1st period - Icing by Mike Ribeiro.
1:53 of 1st period - Mike Ribeiro wins face-off versus Patrick Sharp in Bruins zone.
2:07 of 1st period - Slapshot by Victor Oreskovich.
2:07 of 1st period - Shot Misses the Net.
2:09 of 1st period - Slapshot by Kevin Bieksa.
2:09 of 1st period - Shot Misses the Net.
2:15 of 1st period - Penalty Shot by Ryan Suter for Capitals.
2:15 of 1st period - Snap shot by Ryan Suter.
2:15 of 1st period - Stopped by Kevin Poulin.
2:16 of 1st period - Jonathan Toews wins face-off versus Joe Thornton in Capitals zone.
3:09 of 1st period - Snap shot by Casey Cizikas.
3:09 of 1st period - Stopped by Mike Smith with a rebound.
3:27 of 1st period - Snap shot by Wojtek Wolski.
3:27 of 1st period - Stopped by Mike Smith with a rebound.
3:43 of 1st period - Minor Penalty to Torey Krug for Slashing.
3:44 of 1st period - Wojtek Wolski wins face-off versus Joe Thornton in Bruins zone.
3:44 of 1st period - Wojtek Wolski is hit by Thomas Vanek.
4:10 of 1st period - Thomas Vanek is hit by Jason Demers and loses puck.
4:17 of 1st period - Snap shot by Thomas Vanek.
4:17 of 1st period - Stopped by Kevin Poulin with a rebound.
4:44 of 1st period - Icing by Jason Pominville.
4:45 of 1st period - Wojtek Wolski wins face-off versus Ryan Getzlaf in Capitals zone.
5:15 of 1st period - Icing by Brent Seabrook.
5:16 of 1st period - Joe Thornton wins face-off versus Wojtek Wolski in Capitals zone.
5:43 of 1st period - Penalty to Torey Krug is over, Torey Krug is back on ice.
6:13 of 1st period - Snap shot by Ryan Nugent-Hopkins.
6:13 of 1st period - Shot Misses the Net.
6:15 of 1st period - Wrist shot by T.J. Oshie.
6:15 of 1st period - Shot Hit the Post.
7:01 of 1st period - Wrist shot by Jason Pominville.
7:01 of 1st period - Stopped by Kevin Poulin without a rebound.
7:02 of 1st period - Ryan Getzlaf wins face-off versus Mike Ribeiro in Bruins zone.
7:03 of 1st period - Snap shot by Jason Pominville.
7:03 of 1st period - Stopped by Kevin Poulin without a rebound.
7:04 of 1st period - Mike Ribeiro wins face-off versus Ryan Getzlaf in Bruins zone.
7:34 of 1st period - Snap shot by Wojtek Wolski.
7:34 of 1st period - Stopped by Mike Smith without a rebound.
7:35 of 1st period - Joe Thornton wins face-off versus Jonathan Toews in Capitals zone.
7:35 of 1st period - Joe Pavelski is hit by Wojtek Wolski and loses puck.
8:24 of 1st period - Wrist shot by Patrick Marleau.
8:24 of 1st period - Stopped by Kevin Poulin without a rebound.
8:25 of 1st period - Mikko Koivu wins face-off versus Mike Ribeiro in Bruins zone.
8:34 of 1st period - Brent Seabrook is hit by Victor Oreskovich and loses puck.
8:43 of 1st period - Victor Oreskovich is hit by Mikko Koivu and loses puck.
9:22 of 1st period - Wrist shot by Mike Ribeiro.
9:22 of 1st period - Shot Blocked by Brent Seabrook.
9:35 of 1st period - Victor Hedman is hit by Shane O'Brien and loses puck.
9:42 of 1st period - Slapshot by Victor Hedman.
9:42 of 1st period - Shot Misses the Net.
9:54 of 1st period - Slapshot by Brent Seabrook.
9:54 of 1st period - Deflect By Mikko Koivu.
9:54 of 1st period - Shot Blocked by Victor Oreskovich.
9:54 of 1st period - Puck is out of play.
9:55 of 1st period - Joe Thornton wins face-off versus Jonathan Toews in Bruins zone.
10:06 of 1st period - Snap shot by Jonathan Toews.
10:06 of 1st period - Shot Blocked by Ryan Suter.
10:08 of 1st period - Snap shot by Johnny Boychuk.
10:08 of 1st period - Shot Blocked by Thomas Vanek.
10:34 of 1st period - Wrist shot by Patrick Sharp.
10:34 of 1st period - Stopped by Kevin Poulin with a rebound.
10:36 of 1st period - Slapshot by Nick Leddy.
10:36 of 1st period - Deflect By Ryan Getzlaf.
10:36 of 1st period - Stopped by Kevin Poulin without a rebound.
10:37 of 1st period - Jonathan Toews wins face-off versus Joe Thornton in Bruins zone.
10:48 of 1st period - Wrist shot by Thomas Vanek.
10:48 of 1st period - Shot Misses the Net.
11:11 of 1st period - Shane O'Brien is hit by Victor Hedman and loses puck.
11:54 of 1st period - Slapshot by Wojtek Wolski.
11:54 of 1st period - Shot Misses the Net.
11:56 of 1st period - Backhand shot by Wojtek Wolski.
11:56 of 1st period - Shot Misses the Net.
12:12 of 1st period - Wrist shot by Ryan Getzlaf.
12:12 of 1st period - Stopped by Kevin Poulin without a rebound.
12:13 of 1st period - Jonathan Toews wins face-off versus Ryan Getzlaf in Bruins zone.
12:47 of 1st period - Snap shot by Victor Oreskovich.
12:47 of 1st period - Shot Misses the Net.
13:46 of 1st period - Snap shot by Patrick Sharp.
13:46 of 1st period - Stopped by Kevin Poulin without a rebound.
13:47 of 1st period - Ryan Getzlaf wins face-off versus Mike Ribeiro in Bruins zone.
13:58 of 1st period - Snap shot by Mike Ribeiro.
13:58 of 1st period - Shot Misses the Net.
14:00 of 1st period - Slapshot by Scott Hartnell.
14:00 of 1st period - Goal by Scott Hartnell - Bruins : 1 - Capitals : 0.
14:01 of 1st period - Joe Thornton wins face-off versus Jonathan Toews in neutral zone.
14:04 of 1st period - Wrist shot by Brent Seabrook.
14:04 of 1st period - Stopped by Kevin Poulin without a rebound.
14:05 of 1st period - Jonathan Toews wins face-off versus Joe Thornton in Bruins zone.
15:01 of 1st period - Nick Leddy is hit by Scott Hartnell and loses puck.
16:11 of 1st period - Snap shot by Patrick Sharp.
16:11 of 1st period - Stopped by Kevin Poulin without a rebound.
16:12 of 1st period - Joe Thornton wins face-off versus Dave Bolland in Bruins zone.
16:12 of 1st period - Joe Thornton is hit by Shane O'Brien.
16:16 of 1st period - Wrist shot by Joe Thornton.
16:16 of 1st period - Stopped by Kevin Poulin without a rebound.
16:17 of 1st period - Joe Thornton wins face-off versus Dave Bolland in Bruins zone.
16:44 of 1st period - Wrist shot by Ryan Getzlaf.
16:44 of 1st period - Shot Misses the Net.
17:04 of 1st period - Snap shot by Victor Oreskovich.
17:04 of 1st period - Stopped by Mike Smith without a rebound.
17:05 of 1st period - Mikko Koivu wins face-off versus Mike Ribeiro in Capitals zone.
17:13 of 1st period - Wrist shot by Scott Hartnell.
17:13 of 1st period - Shot Misses the Net.
17:15 of 1st period - Snap shot by Scott Hartnell.
17:15 of 1st period - Shot Misses the Net.
17:17 of 1st period - Slapshot by Victor Oreskovich.
17:17 of 1st period - Goal by Victor Oreskovich - Bruins : 2 - Capitals : 0.
17:18 of 1st period - Jonathan Toews wins face-off versus Joe Thornton in neutral zone.
17:35 of 1st period - Wrist shot by Wojtek Wolski.
17:35 of 1st period - Stopped by Mike Smith without a rebound.
17:36 of 1st period - Ryan Getzlaf wins face-off versus Casey Cizikas in Capitals zone.
17:46 of 1st period - Wrist shot by Ryan Getzlaf.
17:46 of 1st period - Stopped by Kevin Poulin with a rebound.
17:48 of 1st period - Snap shot by Ryan Getzlaf.
17:48 of 1st period - Stopped by Kevin Poulin with a rebound.
18:02 of 1st period - Wojtek Wolski is hit by Joe Thornton and loses puck.
18:11 of 1st period - Snap shot by Wojtek Wolski.
18:11 of 1st period - Deflect By Jonathan Toews.
18:11 of 1st period - Stopped by Mike Smith with a rebound.
18:17 of 1st period - Jonathan Toews is hit by Brent Seabrook.
18:54 of 1st period - Rene Bourque is hit by Josh Manson and loses puck.
19:13 of 1st period - Snap shot by Mattias Tedenby.
19:13 of 1st period - Stopped by Mike Smith without a rebound.
19:14 of 1st period - Ryan Getzlaf wins face-off versus Jonathan Toews in Capitals zone.
19:26 of 1st period - Minor Penalty to Nick Leddy for Interference.
19:27 of 1st period - Jonathan Toews wins face-off versus Joe Thornton in Capitals zone.
19:29 of 1st period - Slapshot by Jason Demers.
19:29 of 1st period - Stopped by Mike Smith with a rebound.
19:41 of 1st period - Slapshot by Jason Demers.
19:41 of 1st period - Stopped by Mike Smith without a rebound.
19:42 of 1st period - Jonathan Toews wins face-off versus Joe Thornton in Capitals zone.
19:43 of 1st period - Wrist shot by Victor Oreskovich.
19:43 of 1st period - Shot Misses the Net.
19:45 of 1st period - Wrist shot by Jason Demers.
19:45 of 1st period - Goal by Jason Demers - Bruins : 3 - Capitals : 0.
19:46 of 1st period - Jonathan Toews wins face-off versus Joe Thornton in neutral zone.
Goals for this period are 3 for Bruins vs 0 for Capitals.
Shots for this period are 12 for Bruins vs 14 for Capitals.

2nd period


0:01 of 2nd period - Joe Thornton wins face-off versus Jonathan Toews in neutral zone.
0:26 of 2nd period - Thomas Vanek is hit by Brendan Smith and loses puck.
0:31 of 2nd period - Slapshot by Torey Krug.
0:31 of 2nd period - Stopped by Mike Smith with a rebound.
0:33 of 2nd period - Slapshot by Dave Bolland.
0:33 of 2nd period - Stopped by Mike Smith without a rebound.
0:34 of 2nd period - Jonathan Toews wins face-off versus Ryan Getzlaf in Capitals zone.
0:41 of 2nd period - Wrist shot by Nathan Horton.
0:41 of 2nd period - Stopped by Mike Smith with a rebound.
0:43 of 2nd period - Slapshot by Torey Krug.
0:43 of 2nd period - Shot Misses the Net.
0:45 of 2nd period - Slapshot by Torey Krug.
0:45 of 2nd period - Stopped by Mike Smith without a rebound.
0:46 of 2nd period - Joe Thornton wins face-off versus Jonathan Toews in Capitals zone.
1:24 of 2nd period - Slapshot by Victor Hedman.
1:24 of 2nd period - Shot Blocked by Scott Hartnell.
1:36 of 2nd period - Slapshot by Shane O'Brien.
1:36 of 2nd period - Stopped by Mike Smith with a rebound.
1:42 of 2nd period - Wrist shot by T.J Galiardi.
1:42 of 2nd period - Stopped by Mike Smith without a rebound.
1:43 of 2nd period - Joe Thornton wins face-off versus Jonathan Toews in Capitals zone.
2:09 of 2nd period - Nathan Horton is hit by Patrick Marleau and loses puck.
2:21 of 2nd period - Snap shot by Mikko Koivu.
2:21 of 2nd period - Stopped by Kevin Poulin with a rebound.
2:23 of 2nd period - Snap shot by Patrick Marleau.
2:23 of 2nd period - Shot Misses the Net.
2:35 of 2nd period - Snap shot by Ryan Nugent-Hopkins.
2:35 of 2nd period - Shot Misses the Net.
2:37 of 2nd period - Slapshot by Olli Maatta.
2:37 of 2nd period - Deflect By Wojtek Wolski.
2:37 of 2nd period - Goal by Olli Maatta - Bruins : 3 - Capitals : 1.
2:38 of 2nd period - Joe Thornton wins face-off versus Mike Ribeiro in neutral zone.
2:47 of 2nd period - Wrist shot by Joe Pavelski.
2:47 of 2nd period - Stopped by Kevin Poulin with a rebound.
2:49 of 2nd period - Slapshot by Joe Thornton.
2:49 of 2nd period - Stopped by Kevin Poulin with a rebound.
2:51 of 2nd period - Snap shot by Joe Pavelski.
2:51 of 2nd period - Stopped by Kevin Poulin with a rebound.
2:53 of 2nd period - Backhand shot by Victor Hedman.
2:53 of 2nd period - Shot Misses the Net.
3:13 of 2nd period - Slapshot by Jason Demers.
3:13 of 2nd period - Shot Blocked by Ryan Getzlaf.
3:15 of 2nd period - Slapshot by Jason Demers.
3:15 of 2nd period - Deflect By Nick Leddy.
3:15 of 2nd period - Stopped by Mike Smith with a rebound.
3:33 of 2nd period - Slapshot by Patrick Marleau.
3:33 of 2nd period - Shot Misses the Net.
3:57 of 2nd period - Snap shot by Thomas Vanek.
3:57 of 2nd period - Shot Misses the Net.
3:59 of 2nd period - Snap shot by Josh Manson.
3:59 of 2nd period - Shot Misses the Net.
4:19 of 2nd period - Wrist shot by Ryan Nugent-Hopkins.
4:19 of 2nd period - Stopped by Kevin Poulin without a rebound.
4:20 of 2nd period - Scott Hartnell wins face-off versus Joe Thornton in Bruins zone.
4:25 of 2nd period - Mike Ribeiro is hit by Brent Seabrook and loses puck.
4:52 of 2nd period - Wrist shot by T.J Galiardi.
4:52 of 2nd period - Shot Misses the Net.
4:58 of 2nd period - Slapshot by T.J Galiardi.
4:58 of 2nd period - Stopped by Mike Smith with a rebound.
5:56 of 2nd period - T.J. Oshie is hit by Shane O'Brien and loses puck.
6:05 of 2nd period - Icing by Shane O'Brien.
6:06 of 2nd period - Mike Ribeiro wins face-off versus Ryan Getzlaf in Bruins zone.
6:06 of 2nd period - Mike Ribeiro is hit by Jason Pominville.
6:57 of 2nd period - Wrist shot by Victor Oreskovich.
6:57 of 2nd period - Deflect By Mike Ribeiro.
6:57 of 2nd period - Goal by Mike Ribeiro - Bruins : 4 - Capitals : 1.
6:58 of 2nd period - Joe Thornton wins face-off versus Jonathan Toews in neutral zone.
7:25 of 2nd period - Olli Maatta is hit by Brendan Smith and loses puck.
7:40 of 2nd period - Ryan Suter is hit by Casey Cizikas and loses puck.
8:15 of 2nd period - Icing by Mikko Koivu.
8:16 of 2nd period - Mike Ribeiro wins face-off versus Mikko Koivu in Capitals zone.
8:29 of 2nd period - Slapshot by Victor Hedman.
8:29 of 2nd period - Stopped by Kevin Poulin with a rebound.
8:31 of 2nd period - Snap shot by Blake Wheeler.
8:31 of 2nd period - Shot Misses the Net.
9:26 of 2nd period - Off-side.
9:27 of 2nd period - Jonathan Toews wins face-off versus Joe Thornton in neutral zone.
9:51 of 2nd period - Icing by Nick Leddy.
9:52 of 2nd period - Joe Thornton wins face-off versus T.J Galiardi in Capitals zone.
9:52 of 2nd period - Joe Thornton is hit by Torey Krug.
10:00 of 2nd period - Snap shot by Jason Pominville.
10:00 of 2nd period - Stopped by Kevin Poulin with a rebound.
10:02 of 2nd period - Minor Penalty to T.J Galiardi for Hooking.
10:03 of 2nd period - Wojtek Wolski wins face-off versus Joe Thornton in Bruins zone.
10:29 of 2nd period - Nathan Horton is hit by Brent Seabrook.
11:11 of 2nd period - Scott Hartnell is hit by Ryan Suter and loses puck.
11:56 of 2nd period - Ryan Suter is hit by Casey Cizikas and loses puck.
12:02 of 2nd period - Penalty to T.J Galiardi is over, T.J Galiardi is back on ice.
12:41 of 2nd period - Minor Penalty to Patrick Marleau for Tripping.
12:42 of 2nd period - Jonathan Toews wins face-off versus Joe Thornton in Capitals zone.
12:50 of 2nd period - Snap shot by Jonathan Toews.
12:50 of 2nd period - Shot Misses the Net.
14:41 of 2nd period - Penalty to Patrick Marleau is over, Patrick Marleau is back on ice.
14:44 of 2nd period - Snap shot by Torey Krug.
14:44 of 2nd period - Shot Misses the Net.
14:46 of 2nd period - Slapshot by Kevin Bieksa.
14:46 of 2nd period - Shot Misses the Net.
14:48 of 2nd period - Slapshot by Casey Cizikas.
14:48 of 2nd period - Stopped by Mike Smith with a rebound.
14:50 of 2nd period - Snap shot by Casey Cizikas.
14:50 of 2nd period - Shot Misses the Net.
14:52 of 2nd period - Snap shot by Casey Cizikas.
14:52 of 2nd period - Shot Misses the Net.
15:38 of 2nd period - Blake Wheeler is hit by Dave Bolland and loses puck.
16:28 of 2nd period - Nathan Horton is hit by Ryan Getzlaf and loses puck.
17:12 of 2nd period - Kevin Bieksa is hit by Ryan Getzlaf and loses puck.
17:31 of 2nd period - Snap shot by Blake Wheeler.
17:31 of 2nd period - Stopped by Kevin Poulin with a rebound.
17:43 of 2nd period - Jonathan Toews is hit by Ondrej Palat and loses puck.
17:48 of 2nd period - Backhand shot by Ondrej Palat.
17:48 of 2nd period - Stopped by Kevin Poulin with a rebound.
18:00 of 2nd period - Victor Hedman is hit by Dave Bolland and loses puck.
18:53 of 2nd period - Backhand shot by Mattias Tedenby.
18:53 of 2nd period - Shot Blocked by Patrick Marleau.
18:55 of 2nd period - Snap shot by Kris Chucko.
18:55 of 2nd period - Goal by Kris Chucko - Bruins : 5 - Capitals : 1.
18:55 of 2nd period - Tuukka Rask enters game.
18:56 of 2nd period - Jonathan Toews wins face-off versus Joe Thornton in neutral zone.
19:43 of 2nd period - Slapshot by Torey Krug.
19:43 of 2nd period - Stopped by Tuukka Rask with a rebound.
Goals for this period are 2 for Bruins vs 1 for Capitals.
Shots for this period are 12 for Bruins vs 10 for Capitals.

3rd period


0:01 of 3rd period - Joe Thornton wins face-off versus Jonathan Toews in neutral zone.
1:18 of 3rd period - Slapshot by Mikko Koivu.
1:18 of 3rd period - Goal by Mikko Koivu - Bruins : 5 - Capitals : 2.
1:19 of 3rd period - Joe Thornton wins face-off versus Jonathan Toews in neutral zone.
1:31 of 3rd period - Snap shot by Thomas Vanek.
1:31 of 3rd period - Stopped by Kevin Poulin with a rebound.
1:35 of 3rd period - Snap shot by Joe Thornton.
1:35 of 3rd period - Stopped by Kevin Poulin without a rebound.
1:36 of 3rd period - Ryan Getzlaf wins face-off versus Mike Ribeiro in Bruins zone.
1:53 of 3rd period - Slapshot by Jason Pominville.
1:53 of 3rd period - Shot Misses the Net.
2:34 of 3rd period - Snap shot by Wojtek Wolski.
2:34 of 3rd period - Goal by Wojtek Wolski - Bruins : 6 - Capitals : 2.
2:35 of 3rd period - Mike Ribeiro wins face-off versus Joe Thornton in neutral zone.
2:50 of 3rd period - Snap shot by Joe Thornton.
2:50 of 3rd period - Shot Blocked by Shane O'Brien.
2:52 of 3rd period - Slapshot by Joe Pavelski.
2:52 of 3rd period - Shot Hit the Post.
3:04 of 3rd period - Wrist shot by Jonathan Toews.
3:04 of 3rd period - Stopped by Tuukka Rask with a rebound.
3:06 of 3rd period - Wrist shot by Nathan Horton.
3:06 of 3rd period - Shot Misses the Net.
3:08 of 3rd period - Snap shot by Wojtek Wolski.
3:08 of 3rd period - Stopped by Tuukka Rask with a rebound.
3:10 of 3rd period - Snap shot by Jonathan Toews.
3:10 of 3rd period - Shot Blocked by Victor Hedman.
3:12 of 3rd period - Snap shot by Torey Krug.
3:12 of 3rd period - Stopped by Tuukka Rask with a rebound.
3:49 of 3rd period - Slapshot by Joe Thornton.
3:49 of 3rd period - Shot Blocked by Rene Bourque.
3:51 of 3rd period - Slapshot by Josh Manson.
3:51 of 3rd period - Stopped by Kevin Poulin without a rebound.
3:52 of 3rd period - Jonathan Toews wins face-off versus Joe Thornton in Bruins zone.
3:59 of 3rd period - Slapshot by Nathan Horton.
3:59 of 3rd period - Deflect By Wojtek Wolski.
3:59 of 3rd period - Shot Misses the Net.
3:59 of 3rd period - Puck is out of play.
4:00 of 3rd period - Joe Thornton wins face-off versus Jonathan Toews in Capitals zone.
4:09 of 3rd period - Snap shot by Thomas Vanek.
4:09 of 3rd period - Stopped by Kevin Poulin without a rebound.
4:10 of 3rd period - Joe Thornton wins face-off versus Jonathan Toews in Bruins zone.
4:20 of 3rd period - Off-side.
4:21 of 3rd period - Jonathan Toews wins face-off versus Joe Thornton in neutral zone.
4:24 of 3rd period - Joe Pavelski is hit by Nathan Horton and loses puck.
4:39 of 3rd period - Jonathan Toews is hit by Joe Thornton and loses puck.
4:58 of 3rd period - Brendan Smith is hit by Patrick Sharp and loses puck.
6:53 of 3rd period - Snap shot by Joe Thornton.
6:53 of 3rd period - Stopped by Kevin Poulin without a rebound.
6:54 of 3rd period - Ryan Getzlaf wins face-off versus Jonathan Toews in Bruins zone.
7:01 of 3rd period - Wrist shot by Ryan Getzlaf.
7:01 of 3rd period - Shot Misses the Net.
7:23 of 3rd period - Ryan Nugent-Hopkins is hit by Brendan Smith and loses puck.
7:47 of 3rd period - Johnny Boychuk is hit by Nick Leddy and loses puck.
8:04 of 3rd period - Snap shot by Jason Pominville.
8:04 of 3rd period - Stopped by Kevin Poulin with a rebound.
8:36 of 3rd period - Wrist shot by Jonathan Toews.
8:36 of 3rd period - Stopped by Tuukka Rask with a rebound.
8:47 of 3rd period - Patrick Marleau is hit by Nathan Horton and loses puck.
9:14 of 3rd period - Snap shot by Mikko Koivu.
9:14 of 3rd period - Shot Blocked by Wojtek Wolski.
9:16 of 3rd period - Snap shot by Victor Hedman.
9:16 of 3rd period - Shot Misses the Net.
9:18 of 3rd period - Snap shot by Patrick Marleau.
9:18 of 3rd period - Stopped by Kevin Poulin with a rebound.
9:20 of 3rd period - Snap shot by Mikko Koivu.
9:20 of 3rd period - Shot Blocked by Kevin Bieksa.
9:26 of 3rd period - Slapshot by Blake Wheeler.
9:26 of 3rd period - Deflect By Mikko Koivu.
9:26 of 3rd period - Shot Misses the Net.
9:26 of 3rd period - Puck is out of play.
9:27 of 3rd period - Joe Thornton wins face-off versus Mike Ribeiro in Bruins zone.
9:28 of 3rd period - Snap shot by Joe Pavelski.
9:28 of 3rd period - Shot Blocked by Brendan Smith.
9:44 of 3rd period - Jason Demers is hit by Joe Pavelski and loses puck.
10:31 of 3rd period - Wrist shot by Dave Bolland.
10:31 of 3rd period - Shot Misses the Net.
10:43 of 3rd period - Dave Bolland is hit by Ryan Suter and loses puck.
11:11 of 3rd period - Snap shot by Victor Oreskovich.
11:11 of 3rd period - Stopped by Tuukka Rask with a rebound.
11:54 of 3rd period - Joe Pavelski is hit by Casey Cizikas and loses puck.
12:03 of 3rd period - Slapshot by Jason Demers.
12:03 of 3rd period - Stopped by Tuukka Rask without a rebound.
12:04 of 3rd period - Jonathan Toews wins face-off versus Ryan Nugent-Hopkins in Capitals zone.
12:22 of 3rd period - Ondrej Palat is hit by Jonathan Toews and loses puck.
12:35 of 3rd period - Snap shot by Mike Ribeiro.
12:35 of 3rd period - Stopped by Tuukka Rask without a rebound.
12:36 of 3rd period - Mike Ribeiro wins face-off versus Mikko Koivu in Capitals zone.
12:43 of 3rd period - Snap shot by Victor Oreskovich.
12:43 of 3rd period - Stopped by Tuukka Rask with a rebound.
12:45 of 3rd period - Slapshot by Mike Ribeiro.
12:45 of 3rd period - Shot Misses the Net.
12:47 of 3rd period - Slapshot by Mike Ribeiro.
12:47 of 3rd period - Deflect By Victor Oreskovich.
12:47 of 3rd period - Shot Blocked by Patrick Marleau.
12:47 of 3rd period - Puck is out of play.
12:48 of 3rd period - Jonathan Toews wins face-off versus Joe Thornton in Capitals zone.
12:49 of 3rd period - Snap shot by Wojtek Wolski.
12:49 of 3rd period - Stopped by Tuukka Rask without a rebound.
12:50 of 3rd period - Jonathan Toews wins face-off versus Joe Thornton in Capitals zone.
12:57 of 3rd period - Wrist shot by Wojtek Wolski.
12:57 of 3rd period - Stopped by Tuukka Rask with a rebound.
12:59 of 3rd period - Slapshot by Brendan Smith.
12:59 of 3rd period - Shot Blocked by Victor Hedman.
13:01 of 3rd period - Snap shot by Jonathan Toews.
13:01 of 3rd period - Stopped by Tuukka Rask without a rebound.
13:02 of 3rd period - Joe Thornton wins face-off versus Jonathan Toews in Capitals zone.
13:02 of 3rd period - Joe Thornton is hit by Wojtek Wolski.
13:51 of 3rd period - Snap shot by Kris Chucko.
13:51 of 3rd period - Deflect By Victor Hedman.
13:51 of 3rd period - Stopped by Tuukka Rask without a rebound.
13:52 of 3rd period - Joe Thornton wins face-off versus Casey Cizikas in Capitals zone.
14:17 of 3rd period - Jonathan Toews is hit by Mikko Koivu.
14:30 of 3rd period - Backhand shot by Blake Wheeler.
14:30 of 3rd period - Deflect By Mikko Koivu.
14:30 of 3rd period - Stopped by Kevin Poulin with a rebound.
15:06 of 3rd period - Snap shot by Ryan Nugent-Hopkins.
15:06 of 3rd period - Stopped by Kevin Poulin without a rebound.
15:07 of 3rd period - Ryan Nugent-Hopkins wins face-off versus Dave Bolland in Bruins zone.
15:10 of 3rd period - Wrist shot by T.J. Oshie.
15:10 of 3rd period - Shot Misses the Net.
15:12 of 3rd period - Slapshot by Brent Seabrook.
15:12 of 3rd period - Shot Blocked by Shane O'Brien.
15:14 of 3rd period - Slapshot by Brent Seabrook.
15:14 of 3rd period - Shot Hit the Post.
15:16 of 3rd period - Slapshot by Brent Seabrook.
15:16 of 3rd period - Stopped by Kevin Poulin without a rebound.
15:17 of 3rd period - Joe Thornton wins face-off versus Jonathan Toews in Bruins zone.
15:28 of 3rd period - Wrist shot by Joe Pavelski.
15:28 of 3rd period - Stopped by Kevin Poulin with a rebound.
15:30 of 3rd period - Wrist shot by Joe Thornton.
15:30 of 3rd period - Shot Misses the Net.
17:37 of 3rd period - Icing by Mikko Koivu.
17:38 of 3rd period - Nathan Horton wins face-off versus Mikko Koivu in Capitals zone.
18:04 of 3rd period - Off-side.
18:05 of 3rd period - Joe Thornton wins face-off versus Mike Ribeiro in neutral zone.
18:08 of 3rd period - Wrist shot by Thomas Vanek.
18:08 of 3rd period - Shot Blocked by Scott Hartnell.
18:10 of 3rd period - Slapshot by Joe Pavelski.
18:10 of 3rd period - Shot Blocked by Torey Krug.
18:11 of 3rd period - Joe Thornton and Victor Oreskovich fight to a draw.
18:11 of 3rd period - Penalty to Joe Thornton for Fighting.
18:11 of 3rd period - Penalty to Victor Oreskovich for Fighting.
18:12 of 3rd period - Blake Wheeler wins face-off versus Jonathan Toews in Bruins zone.
18:15 of 3rd period - Wrist shot by Blake Wheeler.
18:15 of 3rd period - Shot Misses the Net.
18:29 of 3rd period - Wrist shot by Blake Wheeler.
18:29 of 3rd period - Stopped by Kevin Poulin with a rebound.
19:08 of 3rd period - Snap shot by Casey Cizikas.
19:08 of 3rd period - Shot Misses the Net.
19:56 of 3rd period - Snap shot by Mike Ribeiro.
19:56 of 3rd period - Stopped by Tuukka Rask with a rebound.
19:58 of 3rd period - Slapshot by Torey Krug.
19:58 of 3rd period - Stopped by Tuukka Rask without a rebound.
19:59 of 3rd period - Blake Wheeler wins face-off versus Mike Ribeiro in Capitals zone.
Goals for this period are 1 for Bruins vs 1 for Capitals.
Shots for this period are 15 for Bruins vs 13 for Capitals.